[Event "Early-Titled-Tuesday-Blitz-March-26-2024"]
[Site "Chess.com"]
[Date "2024.03.26"]
[Round "11"]
[White "Kazmin_Semyon"]
[Black "PepeCuenca"]
[Result "0-1"]
[WhiteElo "2595"]
[BlackElo "2734"]
[TimeControl "180+1"]
[EndTime "10:05:34 PDT"]
[Termination "PepeCuenca won by checkmate"]

1. e4 c5 2. Nf3 Nc6 3. d4 cxd4 4. Nxd4 e5 5. Nb5 d6 6. N1c3 a6 7. Na3 Be7 8. Nc4 b5 9. Ne3 Nf6 10. g3 h5 11. Bg2 h4 12. O-O h3 13. Bh1 O-O 14.
Ncd5 Nxd5 15. Nxd5 Bg5 16. c3 Bxc1 17. Rxc1 Be6 18.
Qh5 Ne7 19. Ne3 Qd7 20. a3 Rad8 21. g4 Ng6 22. Qxh3 Nf4 23. Qf3 g6 24. Rcd1 Kg7 25. Rfe1 Rh8 26. Bg2 Rh7 27. Rd2 Rdh8 28. Red1 Rxh2 29.
Rxd6 Qe7 30. R6d2 Nxg2 31. Nf1 Qh4 32. Qg3 Qxg3 33. fxg3 Rh1+ 34. Kxg2 Bxg4 35. Re1 Be6 36. Kf3 Rg1 37. Rf2 Rhh1 38. Ke3 Bc4 39. Rd1 Rxf1 40. Rfxf1 Rxf1 41. Rd7 Rb1 42. Rd1 Rxd1 43. Kf3 Rd3+ 44. Kg4 Rd2 45. b4 Ra2 46. a4 Rxa4 47. Kg5 Ra3 48.
g4 f6+ 49. Kh4 g5+ 50. Kh5 Bf7# 0-1

[Event "Early-Titled-Tuesday-Blitz-March-26-2024"]
[Site "Chess.com"]
[Date "2024.03.26"]
[Round "11"]
[White "amylazy"]
[Black "kriscacco"]
[Result "0-1"]
[WhiteElo "2427"]
[BlackElo "2220"]
[TimeControl "180+1"]
[EndTime "10:05:35 PDT"]
[Termination "kriscacco won on time"]

1. d4 g6 2. e4 Bg7 3. Nc3 d6 4. Be3 c6 5. Nf3 Nd7 6. Qd2 Qc7 7. Bd3 b5 8. O-O a6 9. Rfe1 Bb7 10. a3 e5 11.
dxe5 dxe5 12. Rad1 Ngf6 13. Bh6 O-O 14. Bxg7 Kxg7 15. Qg5 Rfe8 16. Nh4 Kh8 17. Be2 Re6 18. Bf3 Nc5 19. b4 Ncd7 20. Ne2 Nb6 21. Ng3 Nc4 22.
Rd3 Rd8 23. Red1 Rxd3 24. Rxd3 Rd6 25. h3 Bc8 26. Bg4 Bxg4 27. hxg4 Ng8 28. Nf3 f6 29. Qc1 Qd7 30. Ne1 Qxg4 31. Rxd6 Nxd6 32. Qe3 Nc4 33. Qd3 h5 34. Nf3 Qe6 35. Ne2 Kg7 36. Nc1 Qd6 37. Qe2 c5 38. Nd3 cxb4 39. axb4 Ne7 40. Nc5 a5 41. Nb7 Qxb4 42. Qd3 a4 43. Nd8 a3 44.
Ne6+ Kf7 45. Nd8+ Ke8 46. Nb7 a2 47. Qd8+ Kf7 48. Qa8 Qb1+ 49. Kh2 a1=Q 50. Nd8+ Ke8 51. Qb7 Kxd8 0-1

[Event "Early-Titled-Tuesday-Blitz-March-26-2024"]
[Site "Chess.com"]
[Date "2024.03.26"]
[Round "11"]
[White "sorch29"]
[Black "GMKrikor"]
[Result "0-1"]
[WhiteElo "2467"]
[BlackElo "2857"]
[TimeControl "180+1"]
[EndTime "10:05:35 PDT"]
[Termination "GMKrikor won on time"]

1. c4 b6 2. Nc3 Bb7 3. e4 e5 4. Nf3 Nc6 5. d3 Bc5 6. a3 a5 7. Be2 Nge7 8. O-O O-O 9. Rb1 d6 10. Nd5 Nd4 11. Be3 Nxf3+ 12. Bxf3 Bxe3 13. fxe3 a4 14.
Nxe7+ Qxe7 15. Qc2 g6 16. Rf2 Kg7 17. Rbf1 Bc6 18. Qc3 f6 19. Qb4 Qe6 20. Qc3 Qe7 21. Qb4 Rab8 22. Bd1 b5 23. Rc2 bxc4 24. Qxc4 Rb6 25. Rc1 Ra8 26. Rf2 Ra7 27. Rfc2 Bb5 28. Qc3 c5 29. d4 Rc7 30. Rd2 Ra6 31. Be2 Bxe2 32. Rxe2 Raa7 33. Rec2 exd4 34. exd4 Qxe4 35. Qd2 Qd5 36. Rc4 Rab7 37. Qc2 Re7 38. dxc5 dxc5 39. Rxc5 Qd4+ 40. Kh1 Rxb2 41. Qc4 Qd2 42. Qf1 Rbb7 43. h3 Qb2 44. R5c3 Qa2 45. Kh2 Rb3 46. Rxb3 axb3 47.
Rb1 Qxa3 48. Qf3 Qd6+ 49. Kh1 b2 50. Rxb2 Re1+ 0-1

[Event "Early-Titled-Tuesday-Blitz-March-26-2024"]
[Site "Chess.com"]
[Date "2024.03.26"]
[Round "11"]
[White "djano"]
[Black "zverr1"]
[Result "1-0"]
[WhiteElo "2669"]
[BlackElo "2537"]
[TimeControl "180+1"]
[EndTime "10:05:36 PDT"]
[Termination "djano won on time"]

1. e4 d5 2. exd5 Qxd5 3. Nf3 Nf6 4. Nc3 Qa5 5. Bc4 Nc6 6. h3 Bf5 7. d3 e6 8. Bb5 Nd5 9. Bd2 Nxc3 10. Bxc6+ bxc6 11. Bxc3 Bb4 12. Qd2 Bxc3 13. Qxc3 Qxc3+ 14. bxc3 Rb8 15. Kd2 f6 16. Nd4 c5 17. Nxf5 exf5 18. Rab1 Kd7 19.
Rb3 Rb6 20. Ra3 a6 21. Ra5 Kd6 22. Re1 h5 23. h4 g5 24. g3 Rg8 25. Rh1 Rh8 26. c4 Rc6 27. Ra3 Rb6 28. Rb3 Ke5 29. Re1+ Kd6 30. Rh1 Ke5 31. Kc3 f4 32. Kd2 fxg3 33.
fxg3 Rg8 34. Ke3 gxh4 35. gxh4 Rg2 36. Ra3 Rxc2 37. Ra5 Kd6 38. Rf1 Rh2 39. Rxf6+ Ke7 40. Rf4 Rh3+ 41. Ke4 Re6+ 42. Kd5 Rxd3+ 43. Kxc5 Re5+ 44.
Kb4 Rxa5 45. Kxa5 Ra3+ 46. Kb4 Rxa2 47. Rf5 Rb2+ 48. Kc5 Ra2 49. Kb4 Rb2+ 50. Kc3 Rb6 51. Rxh5 Rg6 52. Rh7+ Kd6 53. h5 Rg3+ 54. Kb4 c5+ 55.
Ka4 Rc3 56. Rh6+ Kc7 57. Rxa6 Rxc4+ 58. Kb5 Rh4 59. h6 Kd7 60. h7 Ke7 61. Ra8 Rxh7 62.
Ra7+ 1-0

[Event "Early-Titled-Tuesday-Blitz-March-26-2024"]
[Site "Chess.com"]
[Date "2024.03.26"]
[Round "11"]
[White "CrushingKings"]
[Black "Donskov_AN"]
[Result "1-0"]
[WhiteElo "2576"]
[BlackElo "2388"]
[TimeControl "180+1"]
[EndTime "10:05:36 PDT"]
[Termination "CrushingKings won on time"]

1. Nf3 Nf6 2. g3 d5 3. Bg2 c6 4.
O-O Bf5 5. b3 e6 6. Bb2 h6 7. d3 Nbd7 8. Nbd2 Be7 9. Ne5 O-O 10.
e4 Bh7 11. Qe2 Nxe5 12. Bxe5 Nd7 13. Bb2 Bf6 14. Bxf6 Qxf6 15. f4 a5 16. a4 Rad8 17. Nf3 Rfe8 18. Rad1 b6 19. Kh1 Qe7 20. g4 dxe4 21.
dxe4 Nc5 22. Ne5 Qc7 23. Qe3 Rxd1 24. Rxd1 Rd8 25. Rd4 g5 26. f5 Re8 27. Nc4 exf5 28. Nd6 Re6 29. Nxf5 Bxf5 30. gxf5 Re5 31. Qh3 Kh7 32.
Qh5 Qe7 33. Qg4 Nd7 34. Qe2 Nf6 35. Qd3 Ng4 36. Kg1 Rc5 37. h3 Ne5 38. Qd2 Qf6 39. Rd6 Rxc2 40. Qd4 Rc1+ 41. Kh2 c5 42. Qd5 Nf3+ 43.
Bxf3 Qb2+ 44. Bg2 Kg7 45. Rd7 Qf6 46. Rd6 Qa1 47. e5 Qb1 48. e6 1-0

[Event "Early-Titled-Tuesday-Blitz-March-26-2024"]
[Site "Chess.com"]
[Date "2024.03.26"]
[Round "11"]
[White "ContrVersia"]
[Black "GMG"]
[Result "1-0"]
[WhiteElo "2924"]
[BlackElo "2794"]
[TimeControl "180+1"]
[EndTime "10:05:37 PDT"]
[Termination "ContrVersia won on time"]

1. Nf3 e6 2. c4 d5 3. g3 a6 4. b3 Nf6 5. Bg2 Nc6 6. O-O d4 7. e3 Bc5 8. Bb2 O-O 9. b4 Bxb4 10.
Nxd4 Nxd4 11. Bxd4 c5 12. Be5 Ra7 13. a3 Ba5 14. Nc3 Bc7 15. Bxc7 Qxc7 16. a4 Bd7 17. a5 Bc6 18. Qb3 Bxg2 19. Kxg2 Rd8 20. Ra2 Raa8 21. Rb1 Rd7 22. Qb6 Qe5 23. Rd1 Rad8 24. d4 cxd4 25.
exd4 Qf5 26. Re2 h5 27. Re5 Qc2 28. Qb4 Rxd4 29. Rxd4 Rxd4 30. Re2 Qd3 31. Re3 Qxc4 32. Qxb7 Ng4 33. Rf3 e5 34. h3 Nf6 35. Qb8+ Kh7 36.
Qxe5 Rd7 37. Rxf6 gxf6 38. Qf5+ Kg7 39. Qxd7 Qxc3 40. Qd5 Qe5 41. Qd2 Qb5 42. h4 Qf5 43. Kf1 Qb5+ 44. Ke1 Kg6 45. Qc2+ Kg7 46. Qc3 Kg6 47. Kd2 Kf5 48. Qd3+ Qxd3+ 49. Kxd3 Kg4 50. Kd4 Kf3 51. Kc5 Kxf2 52. Kb6 Kxg3 53. Kxa6 1-0

[Event "Early-Titled-Tuesday-Blitz-March-26-2024"]
[Site "Chess.com"]
[Date "2024.03.26"]
[Round "11"]
[White "Veleamater"]
[Black "kritipatel"]
[Result "0-1"]
[WhiteElo "2394"]
[BlackElo "2253"]
[TimeControl "180+1"]
[EndTime "10:05:37 PDT"]
[Termination "kritipatel won on time"]

1. g3 d5 2. Bg2 Nf6 3. d3 c5 4. Nf3 Nc6 5. O-O e5 6. h3 Bd6 7. Nc3 O-O 8. e4 d4 9. Ne2 Be6 10. Ne1 Qd7 11. Kh2 h6 12. f4 Qe7 13. f5 Bd7 14. g4 Nh7 15. Rf2 Qh4 16. Ng3 g6 17. Nf3 Qf6 18. Bxh6 Rfe8 19. g5 Qd8 20. fxg6 fxg6 21.
Nh4 Ne7 22. Bf3 Qc8 23. Qe2 Bxh3 24. Rg1 Be6 25. b3 b5 26. Kh1 c4 27. bxc4 bxc4 28. Rh2 cxd3 29. cxd3 Rb8 30. Nf1 Ba3 31. Bg4 Rb1 32.
Bxe6+ Qxe6 33. Qf3 Bc1 34. Ng3 Qb6 35. Ng2 Bxg5 36. Bxg5 Nxg5 37. Qg4 Rxg1+ 38. Kxg1 Qb1+ 39. Nf1 Qc1 40. Nh4 Rf8 41. Rf2 Rxf2 42. Kxf2 Kg7 43.
Nf3 Nxf3 44. Qxf3 Qc2+ 45. Kg1 Qxa2 46. Qg3 a5 47. Qxe5+ Kf7 48. Qxd4 a4 49. Ne3 a3 50.
Nc4 Qb1+ 51. Kf2 a2 52. Ne5+ Ke6 53. Ke3 a1=Q 54. Qd7+ Kxe5 55. d4+ Kf6 56. Qd6+ Kf7 0-1

[Event "Early-Titled-Tuesday-Blitz-March-26-2024"]
[Site "Chess.com"]
[Date "2024.03.26"]
[Round "11"]
[White "Abund"]
[Black "KuzubovYuriy"]
[Result "0-1"]
[WhiteElo "2807"]
[BlackElo "2932"]
[TimeControl "180+1"]
[EndTime "10:05:39 PDT"]
[Termination "KuzubovYuriy won on time"]

1. e4 e6 2. d4 d5 3. Nd2 Nc6 4. c3 e5 5. dxe5 Nxe5 6. Ngf3 Nxf3+ 7. Nxf3 Nf6 8. exd5 Qxd5 9. Bf4 c6 10. Be2 Bc5 11.
O-O O-O 12. Qxd5 Nxd5 13. Bd2 a5 14. Rad1 Re8 15. Bc4 Nb6 16. Bd3 Bg4 17. Bc1 Bxf3 18. gxf3 Kf8 19. Bxh7 g6 20. Bh6+ Ke7 21. Bg7 Ke6 22. h4 Rad8 23. h5 Kf5 24. Kg2 Nd5 25. hxg6 Nf4+ 26. Kg1 fxg6 27. Bh6 Nh3+ 28. Kg2 Nxf2 29.
Rxd8 Rxd8 30. Re1 Rh8 31. Be3 Nd3 32. Re2 Bxe3 33. Bxg6+ Kxg6 34. Rxe3 Nf4+ 35. Kg3 Nd5 36. Re6+ Kf7 37. Re2 Rg8+ 38. Kf2 Nf4 39. Re4 Nd3+ 40. Ke3 Nxb2 41. Rf4+ Ke6 42. Rh4 Kd5 43. Rh5+ Kc4 44. Rxa5 Kxc3 45. Ra3+ Kc2 46. Rb3 b5 47. Kd4 Rg5 48.
f4 Rd5+ 49. Ke4 Nc4 50. Rb4 Nd6+ 51. Ke3 c5 52. Rb3 Rd4 0-1

[Event "Early-Titled-Tuesday-Blitz-March-26-2024"]
[Site "Chess.com"]
[Date "2024.03.26"]
[Round "11"]
[White "scarabee43"]
[Black "AquivaRubinstein"]
[Result "0-1"]
[WhiteElo "2823"]
[BlackElo "2614"]
[TimeControl "180+1"]
[EndTime "10:05:40 PDT"]
[Termination "AquivaRubinstein won by resignation"]

1. Nf3 Nf6 2. c4 e6 3. Nc3 d5 4. e3 c5 5. cxd5 Nxd5 6. Nxd5 Qxd5 7. b3 Be7 8. Bb2 O-O 9. Bc4 Qd8 10. O-O Bf6 11. Bxf6 Qxf6 12. d4 cxd4 13. Qxd4 Qxd4 14. Nxd4 Bd7 15. Rfd1 Nc6 16. Nb5 Rfd8 17. Rd6 Kf8 18. Rad1 Ke7 19. Be2 a6 20. Nc3 Rac8 21. Na4 Be8 22.
Rxd8 Nxd8 23. Nb6 Rc2 24. Bf3 Bc6 25. Bxc6 Nxc6 26. Rd7+ Kf6 27. h3 Rxa2 28. Rxb7 Ne5 29. Nc8 Rd2 30. Ra7 h5 31. Rxa6 Nd3 32. Rd6 Rd1+ 33.
Kh2 Nxf2 34. b4 Rb1 35. Rd4 e5 36. Rc4 Nd3 37. Rc6+ Kg5 38. Nd6 Rxb4 39. Nxf7+ Kf5 40. Nd6+ Kg5 41. Rc7 g6 42. Rc6 e4 43. Nf7+ Kf5 44.
Rd6 Rb2 45. Nh8 Ne1 46. Rd5+ Ke6 47. Rd1 Nf3+ 48. Kh1 Nd2 49. Nxg6 Nc4 50. Nf4+ Ke5 51. Rd5+ Kf6 52. Nxh5+ Ke6 53. Nf4+ Kf6 54. Rd4 Nxe3 55.
Rxe4 Rb1+ 56. Kh2 Nf1+ 57. Kg1 Ng3+ 58. Kf2 Nxe4+ 59. Kf3 Ng5+ 60. Kg4 Ne6 61. Nh5+ Kg6 62. Ng3 Rb4+ 63. Kf3 Rb3+ 64. Kg4 Rb4+ 65. Kf3 Rb2 66.
Ne4 Ng5+ 67. Nxg5 Kxg5 68. g3 Rb3+ 69. Kg2 Kf5 70. Kf2 Ke4 71. Kg2 Rb2+ 0-1

[Event "Early-Titled-Tuesday-Blitz-March-26-2024"]
[Site "Chess.com"]
[Date "2024.03.26"]
[Round "11"]
[White "TigrVShlyape"]
[Black "LikeWater"]
[Result "1/2-1/2"]
[WhiteElo "2895"]
[BlackElo "2716"]
[TimeControl "180+1"]
[EndTime "10:05:41 PDT"]
[Termination "Game drawn by repetition"]

1. e4 c6 2. Nf3 d5 3. d3 Bg4 4. h3 Bxf3 5. Qxf3 g6 6. Be2 Bg7 7. O-O e5 8. Re1 Ne7 9. Bf1 O-O 10. Nc3 f5 11. Qe2 f4 12. Qf3 Na6 13. a3 Nc7 14. h4 Ne6 15. Ne2 g5 16. Qg4 Rf6 17. h5 Kf7 18. d4 exd4 19. exd5 Qxd5 20.
Bd2 Nf5 21. Nc1 Nh6 22. Qf3 Qxf3 23. gxf3 Nf5 24. Bh3 Nc5 25. Nd3 Nxd3 26. cxd3 Re8 27. Rxe8 Kxe8 28. Re1+ Kf7 29. Re5 Ne7 30. Rxg5 Nd5 31.
Kf1 Rd6 32. Rf5+ Rf6 33. Re5 Rd6 34. Re4 c5 35. Bxf4 Nxf4 36. Rxf4+ Rf6 37. Rxf6+ Kxf6 38. f4 Bh6 39. Bc8 b6 40. Kg2 Bxf4 41. a4 Bc1 42. b3 Ke5 43. Kf3 h6 44. Kg4 Bd2 45. Bb7 Bf4 46. Bc6 Bg5 47. Bb5 Bf4 48. f3 Bg5 49. Bc4 Bf4 50. Bb5 Bg5 51. Bc4 Bf4 52.
Bb5 1/2-1/2

[Event "Early-Titled-Tuesday-Blitz-March-26-2024"]
[Site "Chess.com"]
[Date "2024.03.26"]
[Round "11"]
[White "HajiyevKanan"]
[Black "TatjanaVasilevich"]
[Result "0-1"]
[WhiteElo "2532"]
[BlackElo "2609"]
[TimeControl "180+1"]
[EndTime "10:05:46 PDT"]
[Termination "TatjanaVasilevich won by checkmate"]

1. d4 Nf6 2. Nf3 e6 3. c4 d5 4. cxd5 exd5 5. Nc3 c6 6. Qc2 Bd6 7. Bg5 O-O 8. e3 h6 9. Bh4 Re8 10. Bd3 Bg4 11. O-O Nbd7 12. Rab1 a5 13. a3 Qc7 14. Bg3 Bxg3 15. hxg3 Re7 16. Rfc1 Rae8 17. b4 axb4 18. axb4 Qd6 19. b5 Bxf3 20. gxf3 c5 21. dxc5 Nxc5 22. Ne2 Rc7 23. b6 Rcc8 24. Bf5 Nfd7 25. Rb5 Rc6 26. Nd4 Rxb6 27. Rxc5 Nxc5 28. Qxc5 Qd8 29. Bd7 Rf8 30. Qxd5 Qf6 31. Rc7 Rd6 32. Qxb7 h5 33. Rc8 Rxc8 34. Qxc8+ Kh7 35. Bf5+ g6 36. Be4 h4 37. g4 Ra6 38. Kg2 Ra1 39. Qc3 h3+ 40.
Kh2 Qe5+ 41. f4 Qxe4 42. f3 Qb1 43. Kg3 Qg1+ 44. Kh4 h2 45. Ne6 h1=Q+ 46. Kg5 Qh6+ 47. Kf6 Ra6 48. f5 Rxe6+ 49. fxe6 Qf2 50. Qc7 Qxf3+ 51. Ke7 Qg5+ 52. Ke8 Qa8+ 53. Qd8 Qgxd8+ 54. Kxf7 Qf8# 0-1

[Event "Early-Titled-Tuesday-Blitz-March-26-2024"]
[Site "Chess.com"]
[Date "2024.03.26"]
[Round "11"]
[White "Tugrik1969"]
[Black "ChessSwole"]
[Result "0-1"]
[WhiteElo "2503"]
[BlackElo "2676"]
[TimeControl "180+1"]
[EndTime "10:05:48 PDT"]
[Termination "ChessSwole won on time"]

1. d4 e6 2. c4 f5 3. Nf3 Nf6 4. g3 Be7 5. Bg2 O-O 6. O-O d6 7. b4 Qe8 8. Bb2 Qh5 9. Nbd2 a5 10. b5 a4 11. a3 Ne4 12. e3 Qg6 13. Qc2 Nd7 14.
Nxe4 fxe4 15. Nd2 d5 16. f3 Bg5 17. Rae1 Qh6 18. f4 Bd8 19. Bc3 Nf6 20. Bb4 Rf7 21.
Nb1 c6 22. Nc3 Bd7 23. bxc6 Bxc6 24. h3 Qg6 25. Kh2 h5 26. Rc1 Bc7 27. Qe2 Kh7 28. Nb5 Bb6 29. Nd6 Rd7 30. c5 Bc7 31. Rf2 Rg8 32.
Rcf1 Qh6 33. f5 exf5 34. Rxf5 h4 35. g4 Qg6 36. Qf2 Rgd8 37. Qxh4+ Kg8 38. Rxf6 gxf6 39. Rxf6 Qg7 40. g5 b6 41. Qh5 Qh7 42. Rg6+ Rg7 43. Rh6 bxc5 44. dxc5 d4 45. Rxh7 Rxh7 46. Qg6+ Rg7 47.
Qe6+ Kh8 48. exd4 Rf8 49. g6 Rd8 50. Kh1 Bd7 51. Nf7+ Kg8 52. Nh6+ Kh8 53. Qf6 e3 54. Nf7+ Kg8 0-1

[Event "Early-Titled-Tuesday-Blitz-March-26-2024"]
[Site "Chess.com"]
[Date "2024.03.26"]
[Round "11"]
[White "Juicy_Fork"]
[Black "Goryachkina"]
[Result "0-1"]
[WhiteElo "2540"]
[BlackElo "2688"]
[TimeControl "180+1"]
[EndTime "10:05:49 PDT"]
[Termination "Goryachkina won by checkmate"]

1. e4 c5 2. Nf3 Nc6 3. Bb5 g6 4.
O-O Bg7 5. c3 Nf6 6. Qa4 O-O 7.
d4 cxd4 8. cxd4 a6 9. Re1 d6 10. h3 Bd7 11. Bf1 Rc8 12. Nc3 b5 13. Qd1 b4 14. Nd5 Nxd5 15. exd5 Nb8 16. a3 bxa3 17.
Rxa3 e6 18. dxe6 Bxe6 19. d5 Bd7 20. Bxa6 Nxa6 21. Rxa6 Bb5 22. Ra3 Ra8 23. Bf4 Qb6 24.
Be3 Qb7 25. Qb3 Rxa3 26. bxa3 Qa6 27. Bd4 Bxd4 28. Nxd4 Bc4 29. Qf3 Qa5 30. Nc6 Qxe1+ 31. Kh2 Re8 32. a4 Ba6 33. Qf6 Bb7 34. Qxd6 Bxc6 35. Qxc6 Qe5+ 36. g3 Rd8 37. a5 Qxd5 38.
Qb6 Ra8 39. a6 Qa2 40. Kg2 Qxa6 41. Qd4 Qa4 42. Qd5 Rc8 43. Qb7 Qc6+ 44. Qxc6 Rxc6 45.
f3 h5 46. g4 Kg7 47. gxh5 gxh5 48. Kg3 Kg6 49. Kh4 Rc4+ 50. f4 Rxf4+ 51. Kg3 Rf6 52.
h4 Rf5 53. Kh3 Kf6 54. Kg3 Ke5 55. Kh3 Ke4 56. Kg3 Ke3 57. Kh3 Rf6 58. Kg3 Rg6+ 59. Kh3 Rg4 60. Kh2 Rxh4+ 61. Kg3 Rg4+ 62. Kh3 f5 63. Kh2 f4 64. Kh3 f3 65. Kh2 f2 66.
Kh3 f1=Q+ 67. Kh2 Qg2# 0-1

[Event "Early-Titled-Tuesday-Blitz-March-26-2024"]
[Site "Chess.com"]
[Date "2024.03.26"]
[Round "11"]
[White "Zavgorodniy_Sergiy"]
[Black "vlad10898"]
[Result "1/2-1/2"]
[WhiteElo "2663"]
[BlackElo "2867"]
[TimeControl "180+1"]
[EndTime "10:05:52 PDT"]
[Termination "Game drawn - insufficient material"]

1. d4 d5 2. c4 e6 3. Nf3 Nf6 4. e3 Be7 5. Nbd2 O-O 6. Bd3 b6 7. O-O Bb7 8. Qe2 c5 9. b3 cxd4 10. exd4 Nc6 11. Bb2 Re8 12. Rac1 Bf8 13. Rfd1 g6 14.
h3 Rc8 15. Qe3 Bg7 16. Ne5 dxc4 17. bxc4 Qd6 18. Ndf3 Red8 19. Bb1 Qb8 20. Nxf7 Re8 21. N7e5 Ne7 22. g4 Qa8 23. Re1 Nc6 24. Rcd1 Na5 25. Bd3 Nxc4 26. Nxc4 Bxf3 27. Nd6 Bxd1 28. Nxe8 Rxe8 29.
Rxd1 Nd5 30. Qe4 Nb4 31. Qxa8 Rxa8 32. Bc4 Kf7 33. Re1 Nd5 34. Bb3 Rc8 35. Kh2 g5 36.
Kg3 h6 37. h4 Nf4 38. Bc1 Rc3+ 39. Be3 Bxd4 40. hxg5 hxg5 41. Kf3 Bxe3 42. fxe3 Nd3 43. Rh1 Nc5 44. Rh7+ Kf6 45. Rxa7 Nxb3 46. axb3 Rxb3 47.
Rb7 Rb1 48. Rb8 b5 49. Rf8+ Kg7 50. Re8 Kf7 51. Rb8 b4 52. Ke4 Kf6 53. Rf8+ Kg7 54. Rb8 Rg1 55. Kf3 Rb1 56. Ke4 b3 57. Ke5 b2 58. e4 Kg6 59. Rb6 Rg1 60. Rxb2 Rxg4 61.
Rf2 Kh5 62. Rf6 Rg1 63. Kxe6 Re1 64. e5 g4 65. Rf8 g3 66. Rg8 Kh4 67. Kf6 Kh3 68.
e6 g2 69. e7 Kh2 70. Rh8+ Kg1 71. e8=Q Rxe8 72. Rxe8 Kf2 73. Rg8 g1=Q 74. Rxg1 Kxg1 1/2-1/2

[Event "Early-Titled-Tuesday-Blitz-March-26-2024"]
[Site "Chess.com"]
[Date "2024.03.26"]
[Round "11"]
[White "guillembaches"]
[Black "Witik"]
[Result "1-0"]
[WhiteElo "2544"]
[BlackElo "2709"]
[TimeControl "180+1"]
[EndTime "10:05:55 PDT"]
[Termination "guillembaches won by resignation"]

1. e4 e5 2. Nf3 Nc6 3. Nc3 Nf6 4. d4 exd4 5. Nxd4 Bb4 6. Nxc6 bxc6 7. Bd3 d5 8. Bd2 O-O 9. O-O Re8 10. Nxd5 Nxd5 11.
exd5 Bxd2 12. Qxd2 cxd5 13. b4 a5 14. a3 Qf6 15. Rfe1 Be6 16. b5 g6 17. Rab1 Qd4 18.
h3 Kg7 19. Qe3 Qc3 20. Qe5+ Qxe5 21. Rxe5 d4 22. f4 Red8 23. Rc5 Ra7 24. Kf2 h5 25. Kf3 h4 26. f5 gxf5 27. Bxf5 Rd5 28. Rxd5 Bxd5+ 29. Be4 Be6 30. Bc6 a4 31. Rb4 Kf6 32.
Rxd4 Kg5 33. c4 Bf5 34. c5 Ra5 35. b6 cxb6 36. cxb6 Bc8 37. b7 Bxb7 38. Bxb7 Rb5 39. Bd5 f5 40. Bc4 Rc5 41. Ke3 Re5+ 42. Kd2 Ra5 43.
Be2 Ra7 44. Bf3 Ra5 45. Kc3 Rc5+ 46. Rc4 Re5 47. Rxa4 Re3+ 48. Kd2 Rb3 49. Ra8 Kf4 50. a4 Ra3 51. a5 Kg3 52. a6 Kh2 53. Bb7 f4 54. Rf8 Kg3 55. Kc2 Ra5 56. Kb2 Kh2 57. Kb3 Kg3 58. Kb4 Ra2 59. Kc5 Kh2 60. Kb6 f3 61.
Bxf3 1-0

[Event "Early-Titled-Tuesday-Blitz-March-26-2024"]
[Site "Chess.com"]
[Date "2024.03.26"]
[Round "11"]
[White "vladgoncharov"]
[Black "UK_23"]
[Result "1-0"]
[WhiteElo "2585"]
[BlackElo "2399"]
[TimeControl "180+1"]
[EndTime "10:05:55 PDT"]
[Termination "vladgoncharov won by resignation"]

1. d4 d5 2. c4 e6 3. Nc3 Nf6 4.
Bg5 Be7 5. e3 h6 6. Bh4 O-O 7. Rc1 b6 8. cxd5 Nxd5 9. Bxe7 Qxe7 10. Nxd5 exd5 11. Nf3 c5 12. Qa4 Be6 13. Qa3 Rc8 14.
Be2 a5 15. O-O Qa7 16. dxc5 bxc5 17. Ne5 Nc6 18. Nd3 Nb4 19. Nf4 Qb6 20. Bf3 c4 21. Rfd1 Rd8 22. b3 Rac8 23. bxc4 dxc4 24. Rxd8+ Qxd8 25. h3 Qd2 26. Rd1 Qxa2 27. Qc3 Qc2 28. Qe5 Qf5 29. Qd6 c3 30. Bg4 Qc5 31. Qxc5 Rxc5 32.
Nxe6 fxe6 33. Bxe6+ Kf8 34. Bb3 c2 35. Bxc2 Rxc2 36.
Rd8+ Ke7 37. Ra8 Ra2 38. g4 Kf6 39. Kg2 Nd3 40. Kg3 Nxf2 41. h4 Ne4+ 42. Kf4 Nd6 43.
Ra6 Ke7 44. e4 Nf7 45. e5 g5+ 46. hxg5 hxg5+ 47. Kf5 Rf2+ 48. Kg6 Nxe5+ 49. Kxg5 Nc4 50. Kg6 Rg2 51. g5 Kd7 52. Kf5 Kc7 53. g6 Nd6+ 54. Kf6 Rf2+ 55. Ke6 Re2+ 56. Kf6 Nc4 57. g7 Rf2+ 58. Kg6 Rg2+ 59. Kf6 Rf2+ 60. Kg6 Ne5+ 61. Kg5 Rg2+ 62. Kf6 Nd7+ 63. Kf7 Ne5+ 64. Kf6 Nd7+ 65. Kf7 Kb7 66. Rxa5 Ne5+ 67. Rxe5 Kc6 68. Re6+ Kd7 69.
Rg6 Rf2+ 70. Rf6 Rg2 71. g8=Q 1-0

[Event "Early-Titled-Tuesday-Blitz-March-26-2024"]
[Site "Chess.com"]
[Date "2024.03.26"]
[Round "11"]
[White "Eagle_2019"]
[Black "Suleyman_Chess06"]
[Result "1-0"]
[WhiteElo "2866"]
[BlackElo "2728"]
[TimeControl "180+1"]
[EndTime "10:05:57 PDT"]
[Termination "Eagle_2019 won by resignation"]

1. Nf3 d5 2. e3 Nf6 3. c4 e6 4.
Nc3 Be7 5. b3 O-O 6. Bb2 a5 7. Be2 b6 8. O-O Bb7 9. d4 Nbd7 10. Rc1 c5 11. cxd5 exd5 12. a4 Rc8 13.
Nb5 Ne4 14. Nd2 Ndf6 15. Nxe4 Nxe4 16. Bd3 Bf6 17. Qe2 Qe7 18. Rfd1 h6 19. dxc5 Nxc5 20.
Bxf6 Qxf6 21. Bc2 Ba6 22. Rxd5 Nxb3 23. Qd3 Rxc2 24. Rxc2 Nc5 25. Qd1 Nxa4 26. Qd4 Qg6 27. Qxa4 Bb7 28. Nc7 b5 29. Qa2 Bxd5 30. Nxd5 Qd3 31.
Rc1 Rd8 32. e4 Qxe4 33. Ne3 a4 34. h3 Qe7 35. Rb1 Qd7 36. Qb2 Rb8 37. Qb4 Qd3 38. Rd1 Qg6 39. Rd5 Qa6 40. Rd3 Ra8 41. Ra3 Qc6 42.
Ra1 a3 43. Nf5 Qc7 44. Ne7+ Kh7 45. Qe4+ g6 46. Qxa8 Qxe7 47. Qxa3 Qe5 48. Rb1 Qd5 49. Qb3 Qf5 50. Qxb5 Qf6 51. Qb3 h5 52. Rd1 Qe7 53.
Qf3 Qe6 54. h4 Kg7 55. g3 Qa2 56. Kg2 Qe6 57. Rd4 Qe5 58. Qe4 Qf6 59. Rd5 Qb6 60. Qd4+ Kh7 61. Qxb6 1-0

[Event "Early-Titled-Tuesday-Blitz-March-26-2024"]
[Site "Chess.com"]
[Date "2024.03.26"]
[Round "11"]
[White "TimGrutter03"]
[Black "newyorkmouse"]
[Result "1-0"]
[WhiteElo "2582"]
[BlackElo "2689"]
[TimeControl "180+1"]
[EndTime "10:05:58 PDT"]
[Termination "TimGrutter03 won by resignation"]

1. e4 c6 2. Nf3 d5 3. exd5 cxd5 4. Ne5 Nd7 5. d4 Ngf6 6. Bb5 a6 7. Bd3 e6 8. O-O Bd6 9. Qe2 b5 10. Bf4 Qc7 11.
c3 O-O 12. Bg3 Bb7 13. Nd2 Nb6 14. f4 Nc4 15. Ndxc4 dxc4 16. Bc2 Rfd8 17. Rae1 a5 18. Bh4 Be7 19. Nxf7 Kxf7 20. Qxe6+ Kf8 21.
Bxf6 Bxf6 22. Bxh7 Qf7 23. Qg4 Bc8 24. f5 Bb7 25. Bg6 Qd5 26. Re6 Ra6 27. Rfe1 Rxe6 28.
Rxe6 Bc8 29. Re2 Bd7 30. h4 Be8 31. h5 Bxg6 32. fxg6 Re8 33. Rxe8+ Kxe8 34. h6 gxh6 35. g7 Qg8 36. Qh5+ Ke7 37. Qc5+ Kf7 38. Qxb5 Kxg7 39. Qxa5 Qb8 40. Qc5 Qxb2 41. Qxc4 Qc1+ 42. Kf2 Qd2+ 43.
Kf3 Qd1+ 44. Kg3 Qe1+ 45. Kf3 Qd1+ 46. Kg3 Qd2 47. Qc7+ Kg6 48. Qc4 Qe3+ 49. Kh2 Bg5 50. Qc6+ Kh5 51. Qf3+ Qxf3 52. gxf3 Bd2 53. c4 Be3 54. d5 Bc5 55. a4 Kg5 56. a5 Kf5 57. Kh3 Kf4 58. Kh4 Kxf3 59. a6 Ke4 60. d6 Kd4 61. d7 Kxc4 62. d8=Q Kb5 63. Qd7+ Kxa6 64. Qe6+ Kb5 65. Kh5 Bb4 66. Kxh6 Kc5 67. Kg5 Kb5 68. Kf5 Bc5 69. Ke4 Kb4 70. Kd5 Kb5 71. Qc6+ 1-0

[Event "Early-Titled-Tuesday-Blitz-March-26-2024"]
[Site "Chess.com"]
[Date "2024.03.26"]
[Round "11"]
[White "BilicVladimir"]
[Black "theoneandonlydaaevik"]
[Result "0-1"]
[WhiteElo "2665"]
[BlackElo "2563"]
[TimeControl "180+1"]
[EndTime "10:05:58 PDT"]
[Termination "theoneandonlydaaevik won on time"]

1. e4 c5 2. Nf3 e6 3. b3 b6 4. Bb2 Bb7 5. d3 Nc6 6. g3 Qc7 7. Bg2 Nf6 8. O-O d6 9. Nbd2 Be7 10. Nc4 O-O 11. Re1 b5 12. Nxd6 Bxd6 13. e5 Nxe5 14. Nxe5 Bxg2 15. Kxg2 Rfd8 16. Qf3 Rac8 17. a4 b4 18. Nc4 Be7 19. Bxf6 Bxf6 20. Rad1 Qc6 21. Re4 Rd4 22. Rxd4 Qxf3+ 23. Kxf3 Bxd4 24. Ke2 f6 25. f4 Rd8 26. Kf3 Kf7 27. Re1 g6 28. g4 Rd5 29. h4 h5 30. g5 fxg5 31. hxg5 Ke7 32.
Ke4 Kd7 33. Rf1 Rf5 34. Rf3 Ke7 35. Rh3 Kd7 36. Rf3 e5 37. fxe5 Rxf3 38. Kxf3 Ke6 39.
Ke4 h4 40. Na5 h3 41. Kf3 Bxe5 42. Nc6 a6 43. a5 Bc7 44. d4 Kd7 45. d5 Kd6 46. Kf2 Kxd5 47. Ne7+ Ke6 48. Nxg6 Kf5 49. Nf8 Bd6 50. Nd7 Kxg5 51. Nb6 Kg4 52. Nd5 Be5 53. Ne7 Bd4+ 54. Kf1 h2 55. Kg2 Be5 56. Nc6 Bc7 57. Ne7 Kg5 0-1